[Event "Early-Titled-Tuesday-Blitz-March-19-2024"]
[Site "Chess.com"]
[Date "2024.03.19"]
[Round "5"]
[White "Legendinunknown"]
[Black "biostatistician"]
[Result "1-0"]
[WhiteElo "2831"]
[BlackElo "2605"]
[TimeControl "180+1"]
[EndTime "8:55:42 PDT"]
[Termination "Legendinunknown won by resignation"]

1. d4 Nf6 2. c4 g6 3. Nc3 Bg7 4. e4 d6 5. Nf3 O-O 6. Be2 e5 7. d5 Nbd7 8. Nd2 a5 9. h4 Nc5 10. h5 Ne8 11. Nb3 f5 12. Nxc5 dxc5 13. Qc2 Nd6 14. Be3 b6 15. hxg6 hxg6 16. O-O-O f4 17. Bd2 Kf7 18. g3 Qf6 19. gxf4 exf4 20. Bd3 Bg4 21.
Rdg1 Bh5 22. e5 Qxe5 23. Bxg6+ Bxg6 24. Qxg6+ Kg8 25. Qh7+ Kf7 26. Rh4 Nf5 27. Rxf4 Ke8 28. Re4 Rh8 29. Rxe5+ Bxe5 30. Qxf5 1-0

[Event "Early-Titled-Tuesday-Blitz-March-19-2024"]
[Site "Chess.com"]
[Date "2024.03.19"]
[Round "5"]
[White "Jojo_898"]
[Black "RamyresCoelho"]
[Result "1-0"]
[WhiteElo "2479"]
[BlackElo "2291"]
[TimeControl "180+1"]
[EndTime "8:55:43 PDT"]
[Termination "Jojo_898 won by resignation"]

1. e4 c5 2. Nf3 d6 3. c3 Nc6 4.
Bd3 Ne5 5. Nxe5 dxe5 6. Be2 Nf6 7. O-O e6 8. d3 Be7 9. Be3 b6 10. Nd2 O-O 11. Nf3 Ng4 12. Bd2 Bb7 13. h3 Nf6 14.
Nxe5 Ba6 15. Be3 Bd6 16. Nf3 Bc7 17. Qc2 Nh5 18. d4 Nf4 19. Bxa6 Qf6 20. Bxf4 Qxf4 21. Qd2 Qf6 22. e5 Qg6 23. Bd3 Qh5 24. Qg5 Qxg5 25.
Nxg5 g6 26. Ne4 cxd4 27. cxd4 Rfd8 28. Nf6+ Kg7 29. Be4 Rac8 30. Rfd1 Bb8 31. f4 g5 32.
fxg5 Rc4 33. d5 Bxe5 34. dxe6 fxe6 35. Rxd8 h6 36. Ne8+ Kf7 37. gxh6 Rxe4 38. Nd6+ Bxd6 39. Rxd6 Rh4 40. h7 Ke7 41. Rad1 e5 42. Rd7+ Ke6 43. Rxa7 e4 44. Rd8 e3 45. h8=Q Rxh8 46. Rxh8 e2 47.
Re8+ 1-0

[Event "Early-Titled-Tuesday-Blitz-March-19-2024"]
[Site "Chess.com"]
[Date "2024.03.19"]
[Round "5"]
[White "Manukyan_Artak"]
[Black "andrew-blr"]
[Result "1-0"]
[WhiteElo "2466"]
[BlackElo "2601"]
[TimeControl "180+1"]
[EndTime "8:55:45 PDT"]
[Termination "Manukyan_Artak won by resignation"]

1. e4 c5 2. Nf3 e6 3. c3 d5 4. e5 f6 5. d4 Nc6 6. a3 Bd7 7.
b4 cxd4 8. cxd4 Nge7 9. Bd3 f5 10.
O-O Nc8 11. Nc3 Nb6 12. Bb2 Be7 13. Nb5 O-O 14. Rc1 Nc4 15. Bxc4 dxc4 16. Nd6 Bxd6 17.
exd6 b5 18. d5 exd5 19. Qxd5+ Kh8 20. Qxb5 Nd4 21. Qxc4 Nxf3+ 22. gxf3 Qg5+ 23. Kh1 Qh5 24. Qf4 Rf7 25. Rg1 Re8 26. Rg5 Qh3 27. Rcg1 Bc6 28. Rxg7 Rxg7 29. Rxg7 Re2 30. Rg3+ Rxb2 31. Rxh3 1-0

[Event "Early-Titled-Tuesday-Blitz-March-19-2024"]
[Site "Chess.com"]
[Date "2024.03.19"]
[Round "5"]
[White "ChessFanNM"]
[Black "JERO-8914"]
[Result "0-1"]
[WhiteElo "2264"]
[BlackElo "2454"]
[TimeControl "180+1"]
[EndTime "8:55:46 PDT"]
[Termination "JERO-8914 won by resignation"]

1. e4 c6 2. d4 d5 3. exd5 cxd5 4.
Nf3 Nc6 5. c4 Nf6 6. Nc3 e6 7.
cxd5 Nxd5 8. Bd3 Be7 9. O-O O-O 10. Re1 Nf6 11. a3 a6 12. Ne4 b5 13. Nxf6+ Bxf6 14. Qc2 Nxd4 15. Nxd4 Bxd4 16. Bxh7+ Kh8 17. Be4 Ra7 18. Bf4 e5 19. Bd2 Rc7 20. Qd1 Qh4 21. g3 Qh3 22. Bg2 Qh7 23. Re4 Kg8 24. Rh4 Qg6 25. Be4 Bf5 26. Bd5 Bxb2 27. Ra2 Rd8 28. Be3 Bd4 29. Rxd4 exd4 30. Qxd4 Rcd7 0-1

[Event "Early-Titled-Tuesday-Blitz-March-19-2024"]
[Site "Chess.com"]
[Date "2024.03.19"]
[Round "5"]
[White "js20000"]
[Black "UK_23"]
[Result "1-0"]
[WhiteElo "2793"]
[BlackElo "2389"]
[TimeControl "180+1"]
[EndTime "8:55:48 PDT"]
[Termination "js20000 won by resignation"]

1. d4 d5 2. Nf3 Nf6 3. Bf4 c5 4. e3 Nc6 5. Nbd2 Bg4 6. c3 e6 7. Qa4 Nd7 8. Bb5 Rc8 9. h3 Bxf3 10. Nxf3 a6 11. Bd3 Be7 12. O-O O-O 13. Qc2 h6 14. Qe2 b5 15. a4 c4 16. Bc2 b4 17.
e4 Qa5 18. exd5 exd5 19. Bf5 Rcd8 20. Rfc1 Rfe8 21. Qd2 Nf6 22. Bxh6 Ne4 23. Qf4 Rd6 24. Bg5 Nxg5 25. Nxg5 Bxg5 26. Qxd6 Bxc1 27. Rxc1 Qxa4 28. Bd7 bxc3 29. bxc3 1-0

[Event "Early-Titled-Tuesday-Blitz-March-19-2024"]
[Site "Chess.com"]
[Date "2024.03.19"]
[Round "5"]
[White "SARGISMV"]
[Black "Daaksboy"]
[Result "1-0"]
[WhiteElo "2489"]
[BlackElo "1991"]
[TimeControl "180+1"]
[EndTime "8:55:49 PDT"]
[Termination "SARGISMV won by resignation"]

1. d4 Nf6 2. Nc3 d5 3. Bf4 g6 4. Nf3 Bg7 5. h4 O-O 6. Ne5 h5 7. e3 c5 8. dxc5 Ng4 9. Nxg4 Bxg4 10. f3 Be6 11. g4 Qa5 12. gxh5 d4 13. exd4 Rd8 14.
hxg6 Rxd4 15. gxf7+ Kxf7 16. Bd2 Qxc5 17. Bd3 Nc6 18.
Qe2 Nb4 19. Bg6+ Kxg6 20. Qxe6+ Kh7 21. O-O-O Rc8 22. Rhg1 Nxa2+ 23. Qxa2 Rxd2 24. Rxg7+ Kxg7 25. Rxd2 Qe3 26. Qd5 Rc5 27. Qd4+ 1-0

[Event "Early-Titled-Tuesday-Blitz-March-19-2024"]
[Site "Chess.com"]
[Date "2024.03.19"]
[Round "5"]
[White "amanjazu"]
[Black "GeorgiosSouleidis"]
[Result "1-0"]
[WhiteElo "2539"]
[BlackElo "2681"]
[TimeControl "180+1"]
[EndTime "8:55:50 PDT"]
[Termination "amanjazu won by resignation"]

1. g3 d5 2. Bg2 Nf6 3. f4 g6 4. Nf3 Bg7 5. O-O O-O 6. d3 b6 7.
Nc3 Bb7 8. Ne5 c5 9. e4 d4 10.
Ne2 Nfd7 11. Nc4 b5 12. Nd2 Nc6 13. c3 dxc3 14. bxc3 b4 15. e5 Qc7 16. Nb3 a5 17. Be3 bxc3 18. Nxc3 a4 19. Nd5 Qd8 20. Nxc5 Nxc5 21.
Bxc5 Ra6 22. d4 Kh8 23. Rb1 Ba8 24. Nb6 Re8 25. d5 Na5 26. Qxa4 f6 27. Nxa8 Qxa8 28. d6 Qd8 29. dxe7 Qc8 30. Bd6 fxe5 31. fxe5 Rxd6 32. exd6 1-0

[Event "Early-Titled-Tuesday-Blitz-March-19-2024"]
[Site "Chess.com"]
[Date "2024.03.19"]
[Round "5"]
[White "aistrel"]
[Black "DucksParadise"]
[Result "0-1"]
[WhiteElo "2650"]
[BlackElo "2521"]
[TimeControl "180+1"]
[EndTime "8:55:50 PDT"]
[Termination "DucksParadise won by resignation"]

1. d4 f5 2. Nc3 Nf6 3. Bf4 e6 4. f3 Bb4 5. Qd2 O-O 6. a3 Ba5 7.
e3 Nd5 8. b4 Nxf4 9. exf4 Bb6 10. Bd3 Bxd4 11. Nge2 Bb6 12. Na4 Qf6 13. c3 e5 14.
Nxb6 axb6 15. O-O d6 16. fxe5 dxe5 17. f4 e4 18. Bc4+ Be6 19. Bxe6+ Qxe6 20. Nd4 Qd5 21. Qe3 Nc6 22. Rfd1 Nxd4 23. Rxd4 Qe6 24. a4 c5 25.
Rd2 Rfd8 26. h3 Rxd2 27. Qxd2 h6 28. Kh2 Kh7 29. a5 bxa5 30. bxa5 e3 31. Qe2 Re8 32. Qb5 e2 33. Re1 Qe3 34. Kh1 Qf2 35. Qb1 Qxf4 36.
Qxb7 Qf1+ 0-1

[Event "Early-Titled-Tuesday-Blitz-March-19-2024"]
[Site "Chess.com"]
[Date "2024.03.19"]
[Round "5"]
[White "LornerAcosta"]
[Black "Sattarov_Bobur"]
[Result "0-1"]
[WhiteElo "2610"]
[BlackElo "2832"]
[TimeControl "180+1"]
[EndTime "8:55:51 PDT"]
[Termination "Sattarov_Bobur won by resignation"]

1. Nf3 Nf6 2. d4 c5 3. e3 g6 4. Be2 Bg7 5. O-O b6 6. b3 O-O 7. Bb2 Bb7 8. c4 cxd4 9. Nxd4 Nc6 10. Nc3 Nxd4 11. Qxd4 Rc8 12. Rfd1 d6 13. Rac1 Qd7 14.
h3 Ne4 15. Qd3 Ng5 16. Bf1 Rc5 17. Na4 Bxb2 18. Nxc5 bxc5 19. Rc2 Be4 20. Qd2 Bxc2 21. Qxc2 Bg7 22. Kh2 Qb7 23. Be2 Qe4 24. Bd3 Qh4 25.
Bf1 Ne4 26. g3 Qh5 27. Bg2 Nxf2 0-1

[Event "Early-Titled-Tuesday-Blitz-March-19-2024"]
[Site "Chess.com"]
[Date "2024.03.19"]
[Round "5"]
[White "The_Straightforward_Rook"]
[Black "esteban062000"]
[Result "1-0"]
[WhiteElo "2426"]
[BlackElo "2162"]
[TimeControl "180+1"]
[EndTime "8:55:53 PDT"]
[Termination "The_Straightforward_Rook won by checkmate"]

1. e4 c5 2. c3 d5 3. exd5 Qxd5 4. Nf3 Nf6 5. Na3 a6 6. Bc4 Qe4+ 7. Qe2 Qxe2+ 8. Bxe2 Nc6 9. Nc4 Bg4 10. Nce5 Nxe5 11. Nxe5 Bxe2 12. Kxe2 e6 13. a4 Bd6 14. Nc4 Bc7 15.
d3 Nd5 16. a5 Ke7 17. Be3 Nxe3 18. fxe3 Rhd8 19. e4 Rd7 20. Raf1 Rad8 21. Rf3 f6 22. h4 Rb8 23. h5 b5 24. axb6 Bxb6 25. g4 Bd8 26. g5 Rdb7 27. h6 Rxb2+ 28. Nxb2 Rxb2+ 29. Ke3 gxh6 30. gxf6+ Kf8 31. Rxh6 Bb6 32. Rxh7 e5 33. c4 Ba5 34. Rfh3 Bd2+ 35. Kf3 Bf4 36. Ra7 Rd2 37. Rh8# 1-0

[Event "Early-Titled-Tuesday-Blitz-March-19-2024"]
[Site "Chess.com"]
[Date "2024.03.19"]
[Round "5"]
[White "stepanosinovsky"]
[Black "Dewarfd"]
[Result "1-0"]
[WhiteElo "2360"]
[BlackElo "2077"]
[TimeControl "180+1"]
[EndTime "8:55:53 PDT"]
[Termination "stepanosinovsky won on time"]

1. e4 c5 2. Nf3 g6 3. Nc3 Bg7 4. g3 Nc6 5. Bg2 Nf6 6. O-O O-O 7. Re1 d5 8. d3 dxe4 9. Nxe4 Nxe4 10. Rxe4 b6 11. Bg5 h6 12. Bd2 Bb7 13. Qe2 e6 14. Re1 Nd4 15. Nxd4 Bxe4 16. Nxe6 Qe7 17. Nxg7 Kxg7 18.
dxe4 Rad8 19. Bc3+ Kg8 20. Qf3 b5 21. Bf6 Qe6 22.
Bxd8 Rxd8 23. a3 Rd2 24. Rd1 Qd6 25. Rxd2 Qxd2 26. Qc3 Qd1+ 27. Bf1 c4 28. Kg2 h5 29. h4 a6 30. b3 cxb3 31. cxb3 1-0

[Event "Early-Titled-Tuesday-Blitz-March-19-2024"]
[Site "Chess.com"]
[Date "2024.03.19"]
[Round "5"]
[White "NikitaShnadrygin"]
[Black "DanielTitichoca"]
[Result "0-1"]
[WhiteElo "2687"]
[BlackElo "2478"]
[TimeControl "180+1"]
[EndTime "8:55:55 PDT"]
[Termination "DanielTitichoca won on time"]

1. Nf3 d5 2. g3 g6 3. d4 Bg7 4. Bg2 Nf6 5. O-O O-O 6. b3 a5 7. Bb2 a4 8. Nbd2 a3 9. Bc3 b6 10. Rc1 c5 11. Ba1 Nc6 12. dxc5 bxc5 13. Ne5 Nb4 14. c3 Na6 15. c4 Bb7 16. Nd3 Rc8 17.
cxd5 Bxd5 18. Nc4 Bxg2 19. Kxg2 Qd5+ 20. f3 Nb4 21. Nb6 Qe6 22. Nxc8 Nfd5 23. Qd2 Ne3+ 24. Kg1 Nxf1 25. Kxf1 Nxd3 26. Bxg7 Kxg7 27. Qxd3 Rxc8 28. Rc4 Rc6 29. Re4 Qf6 30. Rc4 Rd6 31. Qc3 Rd1+ 32.
Kf2 Ra1 0-1

[Event "Early-Titled-Tuesday-Blitz-March-19-2024"]
[Site "Chess.com"]
[Date "2024.03.19"]
[Round "5"]
[White "tptagain"]
[Black "Makswolf200817"]
[Result "1-0"]
[WhiteElo "2955"]
[BlackElo "2755"]
[TimeControl "180+1"]
[EndTime "8:55:56 PDT"]
[Termination "tptagain won by resignation"]

1. Nf3 d5 2. e3 Nf6 3. d4 e6 4.
Bd3 b6 5. O-O Bb7 6. c4 Be7 7.
cxd5 exd5 8. b3 O-O 9. Ba3 Nbd7 10.
Bxe7 Qxe7 11. Nc3 a6 12. Qe2 Ne4 13. Rac1 c5 14. Rfd1 Rfe8 15. Qb2 Rac8 16. Bf1 Ndf6 17. Nxe4 Nxe4 18. Ne5 b5 19. f3 Ng5 20. f4 Ne4 21.
dxc5 Rxc5 22. Bd3 Rxc1 23. Rxc1 f6 24. Nf3 Nc5 25. Qd4 Nxd3 26. Qxd3 Qxe3+ 27. Qxe3 Rxe3 28. Rc7 Re2 29. Rxb7 Rxa2 30. Nd4 Rd2 31. Ne6 d4 32. Rxg7+ Kh8 33. Rd7 1-0

[Event "Early-Titled-Tuesday-Blitz-March-19-2024"]
[Site "Chess.com"]
[Date "2024.03.19"]
[Round "5"]
[White "kenta1234"]
[Black "Ginger_GM"]
[Result "1-0"]
[WhiteElo "2821"]
[BlackElo "2594"]
[TimeControl "180+1"]
[EndTime "8:55:58 PDT"]
[Termination "kenta1234 won by resignation"]

1. Nf3 f5 2. c4 Nf6 3. Nc3 d6 4. g3 e5 5. Bg2 Be7 6. O-O O-O 7.
d3 Qe8 8. Rb1 Qh5 9. e3 f4 10.
exf4 Bg4 11. h3 Bxh3 12. Ng5 Bg4 13. f3 Bd7 14. f5 Bxf5 15. g4 Qg6 16. gxf5 Qxf5 17.
f4 Nc6 18. Nd5 Nxd5 19. Bxd5+ Kh8 20. Be6 Qg6 21. f5 Qf6 22. Qh5 h6 23. Ne4 Qh4 24. Qxh4 Bxh4 25. Be3 Ne7 26. Kh2 Rad8 27. Kh3 Bf6 28.
Nxf6 Rxf6 29. Kg4 Rdf8 30. d4 g6 31. Bxh6 g5 1-0

[Event "Early-Titled-Tuesday-Blitz-March-19-2024"]
[Site "Chess.com"]
[Date "2024.03.19"]
[Round "5"]
[White "Vse_po_kaify"]
[Black "RantomOpening"]
[Result "1-0"]
[WhiteElo "2465"]
[BlackElo "2597"]
[TimeControl "180+1"]
[EndTime "8:56:00 PDT"]
[Termination "Vse_po_kaify won by resignation"]

1. e4 c5 2. c4 e6 3. Nc3 Nc6 4. g3 Nf6 5. Bg2 d5 6. d3 d4 7. Nce2 e5 8. h3 Qa5+ 9. Bd2 Qc7 10. f4 exf4 11. gxf4 g6 12. Nf3 Bg7 13. a3 a5 14. O-O b6 15. Ng3 O-O 16. e5 Ne8 17.
Ng5 h6 18. N5e4 Ra7 19. Rb1 Ne7 20. b4 Nf5 21. Nxf5 Bxf5 22. bxc5 bxc5 23. Qe2 Ra6 24. Rb7 Qd8 25. Nxc5 Rb6 26. Bxa5 Qc8 27. Bxb6 Bxh3 28. e6 Bxg2 29. Qxg2 Nd6 30. exf7+ Kh7 31. Rc7 Qb8 32. Nd7 Qd8 33. Nxf8+ Qxf8 34. Bc5 1-0

[Event "Early-Titled-Tuesday-Blitz-March-19-2024"]
[Site "Chess.com"]
[Date "2024.03.19"]
[Round "5"]
[White "Chessmissile07"]
[Black "AlexPapasimakopoulos"]
[Result "0-1"]
[WhiteElo "2933"]
[BlackElo "2757"]
[TimeControl "180+1"]
[EndTime "8:56:04 PDT"]
[Termination "AlexPapasimakopoulos won by checkmate"]

1. a3 d5 2. d4 Bf5 3. Nf3 e6 4.
e3 Nf6 5. c4 c6 6. Nc3 Bd6 7.
Bd3 Bg6 8. Qe2 Nbd7 9. e4 dxe4 10. Nxe4 Nxe4 11. Bxe4 Nf6 12. Bxg6 hxg6 13. h3 Be7 14. O-O O-O 15. Rd1 Qa5 16. Be3 Rfd8 17. Qc2 Qf5 18.
Qxf5 gxf5 19. Kf1 Ne4 20. Nd2 Rd7 21. f3 Nxd2+ 22. Rxd2 Rad8 23. Rad1 Bf6 24. Ke2 a6 25. b3 g5 26. g4 f4 27. Bf2 Kg7 28. Kd3 Bxd4 29. Ke4 e5 30. Bxd4 exd4 31. Rxd4 Re7+ 32. Kf5 f6 33. Rxd8 Re5# 0-1

[Event "Early-Titled-Tuesday-Blitz-March-19-2024"]
[Site "Chess.com"]
[Date "2024.03.19"]
[Round "5"]
[White "MarijaKuznecova"]
[Black "jefferyx"]
[Result "0-1"]
[WhiteElo "2404"]
[BlackElo "3085"]
[TimeControl "180+1"]
[EndTime "8:56:04 PDT"]
[Termination "jefferyx won on time"]

1. e4 c5 2. Nf3 d6 3. d4 cxd4 4. Nxd4 Nf6 5. Nc3 a6 6. Be3 Nbd7 7.
f3 h5 8. Qd2 e6 9. Be2 b5 10. O-O Bb7 11. Rad1 b4 12. Na4 d5 13.
exd5 Nxd5 14. Bc4 N7f6 15. Bg5 Qc7 16. Bb3 Bd6 17. h3 O-O 18. c4 bxc3 19. Nxc3 Rac8 20. Rc1 Qb6 21. Nxd5 Nxd5 22. Kh1 Bb8 23. Bc2 Qd6 24. f4 f6 25. Qd3 Rxc2 26. Rxc2 fxg5 27. Qg6 Nxf4 0-1

[Event "Early-Titled-Tuesday-Blitz-March-19-2024"]
[Site "Chess.com"]
[Date "2024.03.19"]
[Round "5"]
[White "LuisFSiles"]
[Black "Joachim100x"]
[Result "1/2-1/2"]
[WhiteElo "2295"]
[BlackElo "2501"]
[TimeControl "180+1"]
[EndTime "8:56:05 PDT"]
[Termination "Game drawn by repetition"]

1. e4 c5 2. Nf3 e6 3. c3 d5 4. exd5 exd5 5. d4 Nf6 6. Bb5+ Nc6 7.
O-O Bd6 8. dxc5 Bxc5 9. Re1+ Be6 10. Nd4 O-O 11. Be3 Qb6 12. Bxc6 bxc6 13. b4 Bxd4 14. Bxd4 Qd8 15. Nd2 Re8 16. Qf3 a5 17. Bxf6 Qxf6 18. Qxf6 gxf6 19. a3 axb4 20. axb4 d4 21. cxd4 Bd5 22.
Rxe8+ Rxe8 23. Kf1 Rb8 24. Ra4 Re8 25. f3 Re3 26.
Kf2 Rd3 27. Ne4 Bxe4 28. fxe4 Rxd4 29. Ke3 Rc4 30. Kd3 Rc1 31. Ra2 c5 32. b5 c4+ 33.
Kd2 Rb1 34. Ra8+ Kg7 35. Rb8 Rb3 36. g4 Rd3+ 37. Kc2 Rb3 38. h4 h6 39. b6 Kh7 40. h5 Kg7 41. b7 Kh7 42. Kd2 Kg7 43. Kc2 Kh7 44. Kd2 Kg7 45. Kc2 1/2-1/2

[Event "Early-Titled-Tuesday-Blitz-March-19-2024"]
[Site "Chess.com"]
[Date "2024.03.19"]
[Round "5"]
[White "Stanbad1"]
[Black "geminithegreat"]
[Result "1-0"]
[WhiteElo "2536"]
[BlackElo "2219"]
[TimeControl "180+1"]
[EndTime "8:56:05 PDT"]
[Termination "Stanbad1 won on time"]

1. d4 d5 2. c4 e6 3. Nc3 Nf6 4.
cxd5 exd5 5. Bg5 c6 6. e3 Be7 7. Bd3 Nbd7 8. Nge2 h6 9. Bh4 Nh5 10. Bxe7 Qxe7 11. O-O O-O 12. Qd2 Nb6 13. b3 Re8 14. Rfe1 g6 15. Rac1 Ng7 16. Nf4 Bf5 17. f3 Bxd3 18.
Nxd3 Qd6 19. Nc5 Rab8 20. e4 g5 21. exd5 Nxd5 22. Rxe8+ Nxe8 23. Nxd5 Qxd5 24. Ne4 Rd8 25. Rc4 b5 26. Rc5 Qd7 27. h4 f5 28. Nxg5 hxg5 29.
Qxg5+ Kh8 30. Rxf5 Qxd4+ 31. Kh1 Ng7 32. Rf6 Qd1+ 33.
Kh2 Qd7 34. Rh6+ Kg8 35. Rg6 Qc7+ 36. f4 Rf8 37. g3 Re8 38. h5 Qd7 39. Qg4 Qd2+ 40.
Kh3 1-0

[Event "Early-Titled-Tuesday-Blitz-March-19-2024"]
[Site "Chess.com"]
[Date "2024.03.19"]
[Round "5"]
[White "MKlose11"]
[Black "InitiatingASC"]
[Result "1-0"]
[WhiteElo "2595"]
[BlackElo "2359"]
[TimeControl "180+1"]
[EndTime "8:56:08 PDT"]
[Termination "MKlose11 won by resignation"]

1. e4 c5 2. Nc3 Nf6 3. g3 g6 4.
Bg2 Bg7 5. d3 Nc6 6. h3 d6 7.
Be3 Rb8 8. Qd2 b5 9. Bh6 O-O 10. Bxg7 Kxg7 11. Nge2 b4 12. Nd1 Ne8 13. O-O Nc7 14.
Ne3 Ne6 15. f4 Ned4 16. g4 Nxe2+ 17. Qxe2 Nd4 18. Qd2 a5 19. Rf2 a4 20. Raf1 Be6 21. Ra1 f6 22. f5 Bf7 23. h4 b3 24. axb3 axb3 25. c3 Nc6 26. g5 Ra8 27. Rxa8 Qxa8 28. gxf6+ exf6 29. fxg6 hxg6 30. Ng4 Rh8 31. Qf4 Qd8 32.
Nxf6 Ne5 33. Bf1 Be6 34. d4 cxd4 35. cxd4 Ng4 36. Nxg4 Rxh4 37. Qf6+ Qxf6 38. Nxf6 d5 39. exd5 Bf5 40. Ne8+ Kf8 41. Nd6 Rxd4 42. Nxf5 gxf5 43. Rxf5+ Ke7 44. Bg2 Rd1+ 45. Rf1 Rd2 46. Rf2 Rd1+ 47. Kh2 Kd6 48. Rf3 Kxd5 49. Rd3+ 1-0

[Event "Early-Titled-Tuesday-Blitz-March-19-2024"]
[Site "Chess.com"]
[Date "2024.03.19"]
[Round "5"]
[White "angelgab3"]
[Black "ragnaroek66"]
[Result "0-1"]
[WhiteElo "2664"]
[BlackElo "2533"]
[TimeControl "180+1"]
[EndTime "8:56:09 PDT"]
[Termination "ragnaroek66 won by resignation"]

1. e4 c5 2. Nf3 Nc6 3. Bb5 e6 4. O-O Nge7 5. d4 cxd4 6. Nxd4 Ng6 7. Be3 Be7 8. c3 O-O 9. Nd2 Qc7 10. Rc1 b6 11. Qh5 Bb7 12. f4 Kh8 13. f5 Nge5 14. N2f3 exf5 15. Nxf5 Bf6 16. Ng5 Bxg5 17. Bxg5 f6 18. Nxg7 fxg5 19. Nf5 Ne7 20.
Nxe7 Qc5+ 21. Kh1 Qxe7 22. Rfd1 Bxe4 23. Re1 d5 0-1

[Event "Early-Titled-Tuesday-Blitz-March-19-2024"]
[Site "Chess.com"]
[Date "2024.03.19"]
[Round "5"]
[White "Chessdude1987"]
[Black "akanga001"]
[Result "0-1"]
[WhiteElo "2370"]
[BlackElo "2039"]
[TimeControl "180+1"]
[EndTime "8:56:10 PDT"]
[Termination "akanga001 won by resignation"]

1. e4 e6 2. d4 d5 3. e5 c5 4. c3 Nc6 5. Nf3 Nge7 6. Bd3 cxd4 7. O-O Bd7 8. Re1 Qb6 9. Ng5 Ng6 10. Bxg6 hxg6 11.
Qf3 Nd8 12. Nd2 dxc3 13. bxc3 Be7 14. Nb3 O-O 15. Be3 Qc7 16. Qh3 Bxg5 17. Bxg5 Nc6 18. Nd4 Nxe5 19. Bf4 f6 20. Bxe5 fxe5 21. Nf3 Rf5 22.
Rac1 Raf8 23. Qg3 Qb6 24. Kh1 e4 25. Ne5 Be8 26. f4 exf3 27. gxf3 g5 28. Rc2 Bh5 29. Rf2 g4 30. Nxg4 Bxg4 31. Qxg4 Qxf2 32. Rg1 Qxf3+ 33.
Qxf3 Rxf3 0-1

[Event "Early-Titled-Tuesday-Blitz-March-19-2024"]
[Site "Chess.com"]
[Date "2024.03.19"]
[Round "5"]
[White "pirulillo"]
[Black "Likvidator228"]
[Result "1/2-1/2"]
[WhiteElo "2371"]
[BlackElo "2587"]
[TimeControl "180+1"]
[EndTime "8:56:11 PDT"]
[Termination "Game drawn by agreement"]

1. e4 c5 2. Nf3 g6 3. d4 cxd4 4.
Nxd4 Bg7 5. Nc3 Nc6 6. Nb3 Nf6 7. Be2 O-O 8. O-O d6 9. Bg5 a6 10. f4 b5 11. Bf3 Bb7 12. Qd2 Rc8 13. Nd5 Nxd5 14.
exd5 Qb6+ 15. Kh1 Nd4 16. Nxd4 Bxd4 17. c3 Bf6 18. Bxf6 exf6 19. f5 g5 20. h4 h6 21.
Rae1 Rfe8 22. Rxe8+ Rxe8 23. Re1 Kf8 24. Rxe8+ Kxe8 25. hxg5 hxg5 26. Kh2 Qc5 27. Kg3 Qc4 28. Qd4 Qxd4 29.
cxd4 b4 30. Kf2 Kd7 31. g4 Kc7 32. Ke3 Kb6 33. b3 a5 34. Kd2 Ba6 35. Be2 Bc8 36. Bc4 Bd7 37. Ke3 a4 38. Kd2 Ka5 39. Ke3 Bc8 40. Kd2 Bb7 41. Ke3 Bc8 42. Kd2 1/2-1/2

[Event "Early-Titled-Tuesday-Blitz-March-19-2024"]
[Site "Chess.com"]
[Date "2024.03.19"]
[Round "5"]
[White "Chernov_Alexander_A"]
[Black "shirovin"]
[Result "1-0"]
[WhiteElo "2307"]
[BlackElo "2040"]
[TimeControl "180+1"]
[EndTime "8:56:11 PDT"]
[Termination "Chernov_Alexander_A won on time"]

1. d4 Nf6 2. Nc3 d5 3. Bg5 c5 4. e3 Nc6 5. Nf3 Bf5 6. Bd3 Bxd3 7. Qxd3 e6 8. O-O Be7 9. Ne5 cxd4 10. exd4 Nxe5 11. dxe5 Nd7 12. Bf4 O-O 13. Bg3 Rc8 14. Ne2 Qc7 15. c3 Nc5 16. Qe3 Ne4 17. Nd4 Nxg3 18.
hxg3 Qb6 19. Rab1 Bc5 20. Rfd1 Rc7 21. Kh2 Rfc8 22. Rd2 h6 23. Re1 Bxd4 24. cxd4 Rc2 25. Ree2 Rxd2 26. Rxd2 Qa5 27. a3 Qa4 28. Qd3 Rc4 29.
b3 1-0

[Event "Early-Titled-Tuesday-Blitz-March-19-2024"]
[Site "Chess.com"]
[Date "2024.03.19"]
[Round "5"]
[White "Horokoskii"]
[Black "FREZZY23"]
[Result "0-1"]
[WhiteElo "2150"]
[BlackElo "2415"]
[TimeControl "180+1"]
[EndTime "8:56:12 PDT"]
[Termination "FREZZY23 won by resignation"]

1. c4 Nf6 2. Nc3 g6 3. e4 e5 4. Nf3 Bg7 5. d3 O-O 6. Be3 Nc6 7. h3 d6 8. Be2 h6 9. Qd2 Kh7 10. O-O Re8 11. Nd5 Be6 12. Nxf6+ Qxf6 13. d4 exd4 14. Bf4 Ne5 15. Nxd4 Nxc4 16. Bxc4 Bxc4 17. Rfd1 Rxe4 18. Be3 Rae8 19. Rac1 d5 20. b3 c5 21. Nf3 d4 22.
Bxd4 cxd4 23. Rxc4 Re2 24. Qxd4 Qxf3 25. Qxg7+ Kxg7 26.
gxf3 R8e7 27. a4 Rb2 28. Rd3 h5 29. Re4 Rxe4 30. fxe4 Kf6 31. Kg2 Ke5 32. Kf3 g5 33. Rc3 Kd4 34. Re3 f6 35. h4 gxh4 36. Kg2 Ke5 37. Kf3 h3 38. Kg3 h2 39. Kxh2 Rxf2+ 40. Kg1 Rf4 41. Rh3 h4 42. Rc3 Rxe4 43. Rc7 Rb4 44.
Rc5+ Kf4 45. Rh5 Kg3 46. Rf5 Rxb3 0-1

[Event "Early-Titled-Tuesday-Blitz-March-19-2024"]
[Site "Chess.com"]
[Date "2024.03.19"]
[Round "5"]
[White "Fore_Man"]
[Black "abelmat"]
[Result "1-0"]
[WhiteElo "2321"]
[BlackElo "2067"]
[TimeControl "180+1"]
[EndTime "8:56:12 PDT"]
[Termination "Fore_Man won on time"]

1. e4 e6 2. d4 d5 3. exd5 exd5 4. Nf3 c5 5. dxc5 Bxc5 6. Bd3 Ne7 7. O-O Nbc6 8. Nc3 Bg4 9. h3 Bh5 10. Bf4 O-O 11. Re1 Bg6 12. Ng5 Rc8 13. Bxg6 Nxg6 14. Bc1 Bb6 15. Qxd5 Qf6 16. Be3 Nd4 17. Nge4 Nf3+ 18.
gxf3 Qh4 19. Qg5 Qxh3 20. Qg4 Qxg4+ 21. fxg4 Bc7 22. Nd5 Be5 23. c3 Rfd8 24. Rad1 Nh4 25. Ne7+ Kh8 26. Nxc8 Rxc8 27. Kf1 h6 28. Rd5 Bc7 29. Red1 Nf3 30. Rd7 Bh2 31. Kg2 Re8 32. Kxf3 Be5 33. Rd8 1-0

[Event "Early-Titled-Tuesday-Blitz-March-19-2024"]
[Site "Chess.com"]
[Date "2024.03.19"]
[Round "5"]
[White "noblerone"]
[Black "Mikhail_Bryakin"]
[Result "0-1"]
[WhiteElo "2536"]
[BlackElo "2744"]
[TimeControl "180+1"]
[EndTime "8:56:14 PDT"]
[Termination "Mikhail_Bryakin won by checkmate"]

1. d4 f5 2. Nf3 Nf6 3. Bf4 d6 4. e3 g6 5. Be2 Bg7 6. h3 O-O 7. O-O Qe8 8. Bh2 Nbd7 9. c4 c6 10. Nc3 e5 11. Rb1 h6 12. b4 g5 13. dxe5 dxe5 14. Nd2 a5 15. b5 Nc5 16. Nb3 Nxb3 17. axb3 f4 18. exf4 exf4 19. Re1 Qf7 20. Bf3 Bf5 21.
Rc1 Rad8 22. Qe2 Qc7 23. Qe7 Rf7 24. Qxc7 Rxc7 25. h4 Ng4 26. hxg5 Nxh2 27. Kxh2 hxg5 28. Ne4 g4 29. b6 Re7 30. Ng5 Rxe1 31. Rxe1 gxf3 32.
Nxf3 Kf7 33. Ng5+ Kf6 34. Nf3 Bf8 35. Nh4 Bc5 36. f3 Bxb6 37. Nxf5 Kxf5 38. Re4 Rh8# 0-1

[Event "Early-Titled-Tuesday-Blitz-March-19-2024"]
[Site "Chess.com"]
[Date "2024.03.19"]
[Round "5"]
[White "Navyblue1"]
[Black "secrethawk1"]
[Result "1/2-1/2"]
[WhiteElo "2227"]
[BlackElo "2433"]
[TimeControl "180+1"]
[EndTime "8:56:14 PDT"]
[Termination "Game drawn by repetition"]

1. d4 Nf6 2. c4 e6 3. Nf3 b6 4. g3 Bb7 5. Bg2 Be7 6. O-O Rg8 7. Nc3 d6 8. Qc2 Nbd7 9. e4 c6 10. Re1 e5 11. dxe5 dxe5 12. Bg5 Qc7 13. Rad1 h6 14.
Bxf6 Bxf6 15. b4 g6 16. b5 c5 17. Nd5 Bxd5 18. Rxd5 Ke7 19. Red1 Rgd8 20. R1d3 Nf8 21.
Bh3 h5 22. Qd1 Rab8 23. Rxd8 Rxd8 24. Rxd8 Qxd8 25. Qxd8+ Kxd8 26. Kf1 Nh7 27. Ke2 Ng5 28. Nxg5 Bxg5 29. Kd3 Ke7 30. a4 Kd6 31. f3 Bc1 32.
Bc8 Bg5 33. Bh3 Bc1 34. Bc8 Bg5 35. Bh3 1/2-1/2